 Dungeon Crawl Stone Soup version 0.22-a0-396-g3f858e3 (webtiles) character file.

604 Kairos the Cudgeler (level 7, -2/55 HPs)
             Began as a Demonspawn Fighter on May 3, 2018.
             Was an Initiate of Okawaru.
             Slain by a sky beast (6 damage)
             ... on level 6 of the Dungeon.
             The game lasted 00:08:02 (4510 turns).

Kairos the Cudgeler (Demonspawn Fighter)            Turns: 4510, Time: 00:08:03

Health: -2/55      AC:  6    Str: 18    XL:     7   Next: 18%
Magic:  7/7        EV:  7    Int:  9    God:    Okawaru [......]
Gold:   160        SH:  8    Dex: 13    Spells: 4/6 levels left

rFire    x . .     SeeInvis .   a - +2 flail
rCold    + . .     Gourm    .   c - +0 shield
rNeg     . . .     Faith    +   b - +0 scale mail
rPois    .         Spirit   .   (helmet restricted)
rElec    .         Reflect  .   (no cloak)
rCorr    .         Harm     .   (no gloves)
MR       .....                  (no boots)
Stlth    ..........             n - amulet of faith
HPRegen  0.18/turn              g - ring of loudness (curse)
MPRegen  0.10/turn              o - ring of ice

@: heavily drained
A: antennae 1, powered by death 1, sturdy frame 1
a: Renounce Religion


You were on level 6 of the Dungeon.
You worshipped Okawaru.
Okawaru was noncommittal.
You were very hungry.

You visited 2 branches of the dungeon, and saw 7 of its levels.
You also visited: Sewer.

You collected 160 gold pieces.

Inventory:

Hand Weapons
 a - a +2 flail (weapon)
Armour
 b - a +0 scale mail (worn)
 c - a +0 shield (worn)
 u - a +0 troll leather armour {Purgy}
Jewellery
 g - a cursed ring of loudness (left hand)
 n - an amulet of faith (around neck)
 o - a ring of ice (right hand)
 t - an uncursed amulet of harm
Wands
 p - a wand of iceblast (6)
Scrolls
 i - 2 scrolls of amnesia
 l - 2 scrolls of remove curse {unknown}
 r - 4 scrolls of identify
 s - a scroll of random uselessness {unknown}
 w - a scroll of fog {unknown}
 y - 4 scrolls of teleportation {unknown}
 z - 2 scrolls of fear {unknown}
 A - a scroll of enchant armour {unknown}
Potions
 d - a potion of agility {unknown}
 e - 2 potions of brilliance {unknown}
 h - 2 potions of curing {unknown}
 j - a potion of invisibility {unknown}
 k - a potion of resistance {unknown}
 m - a potion of heal wounds {unknown}
 q - a potion of degeneration {unknown}
 v - 2 potions of flight {unknown}
 x - a potion of magic {unknown}
Comestibles
 f - 7 rations


   Skills:
 + Level 4.5(2.9) Fighting
 + Level 4.7(3.1) Maces & Flails
 + Level 3.9(2.4) Armour
 + Level 1.8(0.4) Dodging
 + Level 0.9(0.0) Stealth
 + Level 3.6(2.1) Shields


You had 4 spell levels left.
You knew the following spells:

 Your Spells              Type           Power        Failure   Level  Hunger
a - Swiftness             Chrm/Air       #.......     100%        2    ###....


Dungeon Overview and Level Annotations

Branches:
Dungeon (6/15)             Temple (1/1) D:5

Altars:
Ashenzari
Cheibriados
Dithmenos
Elyvilon
Fedhas
Gozag
Makhleb
Okawaru
Qazlal
Ru
Trog
Uskayaw
Wu Jian
Xom
Yredelemnul
Zin

Annotations:
D:5 Kairos's ghost, novice DDMo


Innate Abilities, Weirdness & Mutations

You have a pair of small antennae on your head.
You regenerate a little health from kills.
Your movements are slightly less encumbered by armour. (ER -2)


Message History

You barely miss something. Something hits you but does no damage.
Your shield and scale mail prevent you from hitting something.
Something hits you but does no damage.
You miss something. Something hits you but does no damage.
You block something's attack.
You closely miss something. Something hits you but does no damage.
You closely miss something. Something hits you.
* * * LOW HITPOINT WARNING * * *
Something shocks you.
* * * LOW HITPOINT WARNING * * *
You closely miss something.
Something hits you but does no damage. x2
You closely miss something.
A sky beast appears from thin air!
Reactivating autopickup.
The sky beast barely misses you.
You sock the sky beast!
The sky beast is severely wounded.
The sky beast hits you.
* * * LOW HITPOINT WARNING * * *
The sky beast shocks you.
You die...

##.# #..#
##.##
#.#.#
##.## #.#
#.# #.#
#@# #Y#
#.# #.#
... #....
..._..
#.......
.......##


You could see a sky beast.

Vanquished Creatures
  Purgy (Sewer)
  A scorpion (D:5)
  A howler monkey (D:6)
  2 hounds (D:4)
  A jelly (D:5)
  Terence (D:3)
  An orc wizard (D:4)
  3 worker ants
  3 gnolls (D:5)
  7 adders
  3 oozes
  3 worms
  3 dart slugs
  3 leopard geckos
  6 orcs
  2 giant cockroaches
  8 goblins
  5 hobgoblins
  14 jackals
  2 kobolds
  A quokka (D:2)
  A ball python (D:2)
  8 bats
  11 frilled lizards
  8 rats
99 creatures vanquished.

Vanquished Creatures (others)
  An ogre (D:5)
  2 orc wizards (D:5)
3 creatures vanquished.

Grand Total: 102 creatures vanquished

Notes
Turn   | Place    | Note
-------+----------+-------------------------------------------
     0 | D:1      | Kairos the Demonspawn Fighter began the quest for the Orb.
     0 | D:1      | Reached XP level 1. HP: 18/18 MP: 1/1
    85 | D:1      | Gained mutation: You regenerate a little health from kills. [demonic ancestry]
    85 | D:1      | Reached XP level 2. HP: 22/24 MP: 2/2
   226 | D:1      | Reached XP level 3. HP: 16/29 MP: 3/3
   773 | D:2      | Reached XP level 4. HP: 27/35 MP: 4/4
  1025 | D:2      | Found a sacrificial altar of Ru.
  1196 | D:2      | Found a shattered altar of Ashenzari.
  1376 | D:3      | Reached skill level 1 in Dodging
  1448 | D:3      | Noticed Terence
  1462 | D:3      | Killed Terence
  1462 | D:3      | Gained mutation: You have a pair of small antennae on your head. [demonic ancestry]
  1462 | D:3      | Reached XP level 5. HP: 41/42 MP: 5/5
  2148 | D:4      | Found a glowing drain.
  2157 | Sewer    | Entered a sewer
  2176 | Sewer    | Noticed Purgy
  2198 | Sewer    | Killed Purgy
  2198 | Sewer    | Gained mutation: Your movements are slightly less encumbered by armour. (ER -2) [demonic ancestry]
  2198 | Sewer    | Reached XP level 6. HP: 13/48 MP: 6/6
  3162 | D:5      | Entered Level 5 of the Dungeon
  3229 | D:5      | Noticed Kairos's ghost (novice DDMo)
  3696 | D:5      | Reached XP level 7. HP: 36/55 MP: 7/7
  3728 | D:5      | Found a shimmering altar of Xom.
  3737 | D:5      | Learned a level 2 spell: Swiftness
  3858 | D:5      | Found a burning altar of Makhleb.
  3893 | D:5      | Found a staircase to the Ecumenical Temple.
  3903 | Temple   | Entered the Ecumenical Temple
  3944 | Temple   | Became a worshipper of Warmaster Okawaru
  4478 | D:6      | Found a basalt altar of Yredelemnul.
  4510 | D:6      | Slain by a sky beast

Vault maps used:
D:1:      matt_arrival_grand_opening
D:2:      old_standard_altar, evilmike_ruin_ashenzari
D:3:      uniq_terence
D:4:      portal_sewer_entry_d
D:5:      xom_confusion_cloud, bloody_makhleb, temple_green, serial_glass,
          glass_columns_a, glass_columns_a, first_ration
D:6:      nicolae_ossuary_entry_giza, basic_altar
Temple:   minmay_temple_bridge_abc
Sewer:    sewer_co_purgy_island

Skill      XL: |  1  2  3  4  5  6 |
---------------+-------------------+-----
Maces & Flails | 2 3 4 |  4.7
Armour         | 3 |  3.9
Shields        | 3 |  3.6
Fighting       | 4 |  4.5
Dodging        | 1 |  1.8
Stealth        | |  0.9

Action                   |  1- 3 |  4- 6 |  7- 9 || total
-------------------------+-------+-------+-------++-------
Melee: Flail             |   143 |   277 |    31 ||   451
  Use: Scroll            |     3 |       |     1 ||     4
       Potion            |       |     1 |       ||     1
  Eat: Chunk             |       |     8 |       ||     8
       Ration            |       |       |     1 ||     1
Armor: Scale mail        |    98 |   109 |    16 ||   223
       Troll leather arm |       |    12 |       ||    12
Dodge: Dodged            |    49 |   111 |     3 ||   163
Block: Shield            |    75 |   142 |     6 ||   223

Table legend:
 A = Spawn XP
 B = Non-spawn XP
 C = Spawn XP percentage of total XP
 D = Spawn monster count
 E = Non-spawn monster count
 F = Spawn count percentage of total count
 G = Total turns spent on level
                    A         B        C        D         E        F      G
               +---------+---------+-------+---------+---------+-------+---------
         Total |       0 |     864 |   0.0 |       0 |      99 |   0.0 |  4510
               +---------+---------+-------+---------+---------+-------+---------
           D:1 |       0 |      55 |   0.0 |       0 |      26 |   0.0 |   634
           D:2 |       0 |     110 |   0.0 |       0 |      34 |   0.0 |   629
           D:3 |       0 |      46 |   0.0 |       0 |       6 |   0.0 |   815
           D:4 |       0 |     240 |   0.0 |       0 |      14 |   0.0 |  1122
           D:5 |       0 |     215 |   0.0 |       0 |      10 |   0.0 |  1004
           D:6 |       0 |      55 |   0.0 |       0 |       1 |   0.0 |    53
         Sewer |       0 |     143 |   0.0 |       0 |       8 |   0.0 |   189
               +---------+---------+-------+---------+---------+-------+---------
